 Dungeon Crawl Stone Soup version 0.25-a0-566-g062765be81 (webtiles) character file.

Game seed: 15030404218530392725, levelgen mode: deterministic

46440 Flugslaktarn the Severer (level 14, -9/130 HPs)
             Began as a Deep Dwarf Fighter on Feb 28, 2020.
             Was the Champion of Makhleb.
             Mangled by a slime creature (13 damage)
             ... on level 2 of the Swamp.
             The game lasted 00:10:12 (11166 turns).

Flugslaktarn the Severer (Deep Dwarf Fighter)      Turns: 11166, Time: 00:10:13

Health: -9/130     AC: 19    Str: 25    XL:     14   Next: 4%
Magic:  8/8        EV:  8    Int:  9    God:    Makhleb [******]
Gold:   898        SH: 13    Dex: 12    Spells: 13/13 levels left

rFire    + . .     SeeInvis .   K - +2 broad axe (flame)
rCold    . . .     Gourm    .   c - +0 kite shield
rNeg     + . .     Faith    +   j - +1 chain mail
rPois    .         Spirit   .   (no helmet)
rElec    .         Reflect  .   x - +2 cloak
rCorr    .         Harm     .   (no gloves)
MR       ++...                  (no boots)
Stlth    ..........             h - amulet of faith
HPRegen  0.00/turn              p - +2 ring of protection
MPRegen  0.11/turn              f - ring of protection from fire

@: non-regenerating
A: damage resistance, heal wounds, talons 1, negative energy resistance 1, sense
surroundings 2, shaggy fur 1, MP-powered wands, no regeneration
a: Heal Wounds, Minor Destruction, Lesser Servant of Makhleb, Major Destruction,
Greater Servant of Makhleb, Renounce Religion


You were on level 2 of the Swamp.
You worshipped Makhleb.
Makhleb was exalted by your worship.
You were not hungry.

You visited 4 branches of the dungeon, and saw 19 of its levels.
You also visited: Ossuary and Ice Cave.

You collected 940 gold pieces.
You spent 42 gold pieces at shops.

Inventory:

Hand Weapons
 a - a +1 war axe
 K - a +2 broad axe of flaming (weapon)
   (You found it on level 5 of the Lair of Beasts)
Missiles
 E - a throwing net (quivered)
Armour
 b - a +0 scale mail
 c - a +0 kite shield (worn)
 j - a +1 chain mail (worn)
   (You found it on level 4 of the Dungeon)
 x - a +2 cloak (worn)
   (You found it on level 3 of the Lair of Beasts)
Jewellery
 f - a ring of protection from fire (right hand)
   (You found it on level 4 of the Lair of Beasts)
 h - an amulet of faith (around neck)
   (You found it on level 1 of the Dungeon)
 p - a +2 ring of protection (left hand)
   (You found it on level 9 of the Dungeon)
 y - a +4 ring of intelligence {unknown}
   (You found it on level 6 of the Lair of Beasts)
 M - a +4 ring of intelligence {unknown}
   (You found it on level 6 of the Lair of Beasts)
Wands
 s - a wand of clouds (5)
   (You found it on level 8 of the Dungeon)
 v - a wand of digging (8)
   (You found it on level 8 of the Dungeon)
 C - a wand of paralysis (11)
   (You found it on level 7 of the Dungeon)
 F - a wand of acid (15)
   (You found it on level 3 of the Lair of Beasts)
 I - a wand of enslavement (13)
   (You found it on level 3 of the Lair of Beasts)
Scrolls
 g - a scroll of fog
 i - 4 scrolls of enchant armour
 k - a scroll of summoning
 l - 6 scrolls of fear
 r - 9 scrolls of identify
 t - 9 scrolls of teleportation
 w - 10 scrolls of remove curse
 z - 2 scrolls of blinking
 G - a scroll of immolation
 J - 3 scrolls of magic mapping
Potions
 d - 6 potions of might
 m - 8 potions of heal wounds
 n - 2 potions of resistance
 o - 2 potions of mutation
 q - 5 potions of curing
 u - 4 potions of lignification
 A - 2 potions of ambrosia
 B - 3 potions of flight
 D - a potion of invisibility
Miscellaneous
 L - a lamp of fire
   (You found it on level 5 of the Lair of Beasts)
Comestibles
 e - 38 rations
 H - 9 chunks of flesh


   Skills:
 + Level 9.8 Fighting
 * Level 15.2 Axes
 + Level 11.5 Armour
 + Level 11.6 Shields
 + Level 12.3 Invocations


You had 13 spell levels left.
You didn't know any spells.
Your spell library was empty.

Dungeon Overview and Level Annotations

Branches:
Dungeon (10/15)            Temple (1/1) D:5            Lair (6/6) D:10
  Swamp (2/4) Lair:3        Snake (0/4) Lair:3        Slime (0/5) Lair:6
Ossuary (visited)           IceCv (visited)
    Orc: D:9-12

Altars:
Ashenzari
Cheibriados
Dithmenos
Elyvilon
Fedhas
Hepliaklqana
Kikubaaqudgha
Makhleb
Nemelex Xobeh
Okawaru
Qazlal
Ru
Sif Muna
Trog
Uskayaw
Vehumet
Wu Jian
Xom
Yredelemnul
Zin
The Shining One
Jiyva

Shops:
D:4 *

Annotations:
D:5 exclusion: statue
Lair:3 3 runed translucent doors, kae's ghost, journeyman FeEn
Lair:4 exclusion: oklob plant
Lair:5 1 runed translucent door, LairdRich's ghost, journeyman MiBe


Innate Abilities, Weirdness & Mutations

You are resistant to damage.
You can heal yourself by infusing magical energy.
You resist negative energy. (rN+)
You passively map the area around you.
You do not regenerate.
You have sharp toenails.
You are covered in fur. (AC +1)
You expend magic power (3 MP) to strengthen your wands.


Message History

You hit the slime creature. You burn the slime creature.
You claw the slime creature.
The slime creature is almost dead.
You slash the large slime creature! You burn the large slime creature.
You closely miss the vampire mosquito. You slice the large slime creature!!
You burn the large slime creature.
The vampire mosquito closely misses you.
You block the slime creature's attack.
A large slime creature splits.
The large slime creature hits you!
* * * LOW HITPOINT WARNING * * *
You barely miss the slime creature. You claw the slime creature.
The slime creature is almost dead.
You hit the slime creature. You burn the slime creature.
Your chain mail prevents you from hitting the slime creature.
You hit the vampire mosquito. You burn the vampire mosquito.
You slash the large slime creature! You burn the large slime creature.
The vampire mosquito bites you but does no damage. x2
The slime creature hits you but does no damage.
The slime creature hits you!
You die...

* ♣♣♣♣♣♣♣♣≈
*♣...≈.≈≈.
≈.≈..≈≈.. *
♣♣..<.≈≈.. ,
♣♣♣.....≈≈≈≈
* ,
♣.yJ≈≈.≈≈≈≈≈
*
♣♣<@Jty..≈≈..
,≈
♣..JJ≈..≈....
♣.≈≈≈≈≈.♣....
* * *
♣♣..≈≈≈......
♣♣.≈≈≈..≈≈≈.
* ♣≈%≈≈≈≈≈≈.≈
≈≈.≈≈≈≈...≈
♣♣♣.≈≈≈≈...≈
* ♣.....♣≈..
,, ,


You could see an alligator, a large slime creature, 3 slime creatures and 2
vampire mosquitoes.

Vanquished Creatures
  Louise (Swamp:1)
  2 hydras
  Harold (Lair:2)
  A shambling mangrove (Swamp:1)
  A merfolk avatar (Lair:6)
  An alligator (Swamp:1)
  2 sea snakes (Lair:6)
  3 harpies (Lair:6)
  A guardian serpent (Lair:3)
  8 elephants
  A gargoyle (D:10)
  12 spiny frogs
  6 black mambas
  A torpor snail (Lair:2)
  5 rime drakes
  8 komodo dragons
  2 trolls
  2 hornets
  13 polar bears
  13 blink frogs
  A merfolk (D:10)
  2 tyrant leeches (Lair:3)
  3 slime creatures
  11 dream sheep
  9 hippogriffs
  A spriggan (Swamp:1)
  A wraith (Ossuary)
  26 yaks
  3 wyverns
  3 basilisks
  A human (D:10)
  A steam dragon (Lair:3)
  3 vampire mosquitoes (Swamp:1)
  11 water moccasins
  2 ice beasts (D:7)
  9 porcupines
  2 swamp drakes (Swamp:1)
  2 black bears (D:8)
  A sky beast (D:7)
  3 necrophages
  An orc warrior (D:6)
  2 phantoms
  5 ogres
  6 wolves
  4 centaurs
  17 crocodiles
  6 big kobolds
  16 bullfrogs
  5 scorpions
  3 wights (D:9)
  4 howler monkeys
  3 electric eels (D:10)
  8 crimson imps
  4 quasits
  2 bullfrog zombies
  6 hounds
  A centaur zombie (D:9)
  8 jellies
  6 orc wizards
  2 orc priests
  A bullfrog skeleton (D:8)
  3 iguanas
  7 worker ants
  A hound zombie (D:5)
  A hound skeleton (D:5)
  A mummy (Ossuary)
  4 gnolls (D:9)
  A worker ant zombie (D:8)
  5 adders
  2 shadow imps
  12 white imps (Lair:1)
  8 oozes
  An adder skeleton (D:5)
  An adder zombie (D:6)
  2 worms
  2 dart slugs
  3 leopard geckos
  27 orcs
  2 giant cockroaches
  2 hobgoblins
  3 jackals
  3 quokkas
  2 ball pythons (D:2)
  6 bats
  A frilled lizard (D:2)
  A giant cockroach zombie (D:5)
  5 gnoll skeletons (Ossuary)
  A goblin (D:3)
  2 jackal skeletons
  A jackal zombie (D:8)
  20 kobolds
  7 kobold skeletons (Ossuary)
  A leopard gecko zombie (D:7)
  13 orc skeletons (Ossuary)
  3 rats
  15 fungi
  3 plants
461 creatures vanquished.

Vanquished Creatures (collateral kills)
  2 hydras
  An elephant (Lair:4)
  3 slime creatures (Swamp:1)
  A swamp drake (Swamp:1)
7 creatures vanquished.

Vanquished Creatures (others)
  A bush (Lair:2)
  4 fungi
  10 plants
  9 toadstools (D:8)
24 creatures vanquished.

Grand Total: 492 creatures vanquished

Notes
Turn   | Place    | Note
-------+----------+-------------------------------------------
     0 | D:1      | Flugslaktarn the Deep Dwarf Fighter began the quest for the
                  | Orb.
     0 | D:1      | Reached XP level 1. HP: 20/20 MP: 1/1
   154 | D:1      | Reached XP level 2. HP: 22/27 MP: 2/2
   287 | D:2      | Noticed a bullfrog
   295 | D:2      | Killed a bullfrog
   295 | D:2      | Reached skill level 3 in Axes
   295 | D:2      | Reached XP level 3. HP: 22/34 MP: 2/2
   295 | D:2      | Reached XP level 4. HP: 27/42 MP: 3/3
   375 | D:4      | Noticed an ogre
   416 | D:4      | Killed an ogre
   416 | D:4      | Reached skill level 4 in Axes
   416 | D:4      | Reached XP level 5. HP: 29/49 MP: 4/4
   489 | D:4      | Reached XP level 6. HP: 43/56 MP: 5/5
   735 | D:4      | Found Uxemeso's General Store.
   747 | D:4      | Reached skill level 5 in Axes
   757 | D:4      | Bought a scroll of fear for 42 gold pieces
   944 | D:5      | Entered Level 5 of the Dungeon
   969 | D:5      | Found a staircase to the Ecumenical Temple.
  1050 | Temple   | Entered the Ecumenical Temple
  1165 | Temple   | Became a worshipper of Makhleb the Destroyer
  1261 | D:5      | Found a radiant altar of Vehumet.
  1557 | D:5      | Reached XP level 7. HP: 50/64 MP: 5/5
  1986 | D:6      | Reached skill level 5 in Shields
  1986 | D:6      | Reached skill level 1 in Invocations
  2002 | D:6      | Reached skill level 5 in Armour
  2023 | D:6      | Reached skill level 6 in Axes
  2053 | D:6      | Reached * piety under Makhleb
  2276 | D:6      | Reached XP level 8. HP: 30/73 MP: 5/7
  2533 | D:7      | Noticed a hippogriff
  2554 | D:7      | Killed a hippogriff
  2554 | D:7      | Reached skill level 7 in Axes
  2643 | D:7      | Reached ** piety under Makhleb
  2643 | D:7      | Reached skill level 5 in Fighting
  2649 | D:7      | Found a sand-covered staircase.
  2654 | Ossuary  | Entered an ossuary
  2886 | D:7      | Reached *** piety under Makhleb
  2898 | D:7      | Reached skill level 8 in Axes
  2943 | D:7      | Gained mutation: You passively map the area around you.
                  | [Deep Dwarf growth]
  2943 | D:7      | Reached XP level 9. HP: 51/81 MP: 7/7
  3234 | D:8      | Reached skill level 5 in Invocations
  3421 | D:8      | Reached skill level 9 in Axes
  3492 | D:8      | Reached **** piety under Makhleb
  3514 | D:8      | Found a glowing silver altar of Zin.
  3742 | D:8      | HP: 4/82 [slime creature (9)]
  4080 | D:9      | Reached XP level 10. HP: 84/91 MP: 9/9
  4294 | D:9      | Reached ***** piety under Makhleb
  4307 | D:9      | Reached skill level 10 in Axes
  4677 | D:10     | Entered Level 10 of the Dungeon
  4743 | D:10     | Found a staircase to the Lair.
  5002 | D:10     | Noticed a gargoyle
  5023 | D:10     | Killed a gargoyle
  5146 | D:10     | Reached skill level 11 in Axes
  5601 | Lair:1   | Entered Level 1 of the Lair of Beasts
  5612 | Lair:1   | Reached XP level 11. HP: 74/100 MP: 12/12
  5788 | Lair:1   | Found a frozen archway.
  5816 | Lair:1   | Reached ****** piety under Makhleb
  5903 | IceCv    | Entered an ice cave
  6009 | IceCv    | Reached skill level 12 in Axes
  6918 | Lair:2   | Reached XP level 12. HP: 55/110 MP: 13/13
  6949 | Lair:2   | Noticed Harold
  6965 | Lair:2   | Killed Harold
  7207 | Lair:3   | Found a runed translucent gate.
  7269 | Lair:3   | Reached skill level 10 in Invocations
  7368 | Lair:3   | Found a staircase to the Snake Pit.
  7584 | Lair:3   | Reached skill level 13 in Axes
  7645 | Lair:3   | Reached skill level 10 in Shields
  7802 | Lair:3   | Found a staircase to the Swamp.
  7834 | Lair:3   | Found a runed translucent gate.
  7834 | Lair:3   | Found a runed translucent gate.
  7929 | Lair:3   | Found a viscous altar of Jiyva.
  7929 | Lair:3   | Noticed kae's ghost (journeyman FeEn)
  7929 | Lair:3   | Noticed a death ooze
  8110 | Lair:4   | Reached skill level 10 in Armour
  8388 | Lair:4   | Noticed a four-headed hydra
  8409 | Lair:4   | Killed a four-headed hydra
  8952 | Lair:5   | Noticed LairdRich's ghost (journeyman MiBe)
  8953 | Lair:5   | Found a runed translucent door.
  8953 | Lair:5   | Identified the +6 trident of World Downfall {drain, rElec
                  | rF- Int+5}
  9106 | Lair:5   | Noticed a six-headed hydra
  9122 | Lair:5   | HP: 1/112 [ten-headed hydra (1)]
  9124 | Lair:5   | Killed a ten-headed hydra
  9124 | Lair:5   | Reached XP level 13. HP: 1/121 MP: 13/13
  9213 | Lair:5   | Reached skill level 14 in Axes
  9797 | Lair:6   | Entered Level 6 of the Lair of Beasts
  9825 | Lair:6   | Gained mutation: You have sharp toenails. [potion of
                  | mutation]
  9825 | Lair:6   | Gained mutation: You expend magic power (3 MP) to
                  | strengthen your wands. [potion of mutation]
  9825 | Lair:6   | Gained mutation: Scrolls take you a little longer to read.
                  | [potion of mutation]
  9825 | Lair:6   | Gained mutation: Your spells are a little harder to cast,
                  | but a little more powerful. [potion of mutation]
  9826 | Lair:6   | Lost mutation: Your spells are a little harder to cast, but
                  | a little more powerful. [potion of mutation]
  9826 | Lair:6   | Lost mutation: Scrolls take you a little longer to read.
                  | [potion of mutation]
  9826 | Lair:6   | Gained mutation: You are covered in fur. (AC +1) [potion of
                  | mutation]
  9940 | Lair:6   | HP: 3/121 [dream sheep (17)]
 10331 | Lair:6   | Found a staircase to the Slime Pits.
 10474 | Lair:6   | HP: 1/121 [drowned by a drowned soul[a merfolk avatar] (6)]
 10578 | Lair:6   | Reached skill level 15 in Axes
 10963 | Swamp:1  | Entered Level 1 of the Swamp
 11082 | Swamp:1  | Noticed Louise
 11095 | Swamp:1  | Killed Louise
 11124 | Swamp:1  | Gained mutation: You resist negative energy. (rN+) [Deep
                  | Dwarf growth]
 11124 | Swamp:1  | Reached XP level 14. HP: 106/130 MP: 9/9
 11165 | Swamp:2  | HP: 4/130 [large slime creature (12)]
 11166 | Swamp:2  | Mangled by a slime creature

Levels and vault maps discovered:
D:1:      dpeg_arrival_tiny_d, layout_basic, grunt_decor_arrowhead,
          chequers_serial_rivers_room_b, chequers_garden,
          minmay_misc_feat_square, minmay_tetromino_s4
D:2:      layout_loops_ring, uniq_sigmund, uniq_terence
D:3:      layout_loops_cross, serial_forest, infiniplex_forest_end_2,
          infiniplex_forest_corner_1, infiniplex_forest_straight_5,
          infiniplex_forest_corner_1, infiniplex_forest_lined_4_way,
          infiniplex_forest_straight_4, infiniplex_forest_lined_room_2,
          gammafunk_ghost_nasty_kobolds, minmay_circle_x
D:4:      layout_cave_pools, first_ration, serial_shops, shop
D:5:      layout_basic, vehumet_statue, minmay_temple_entry_poolview
D:6:      layout_rooms
D:7:      layout_rooms, enter_ossuary_2
D:8:      cheibrodos_fertilizer, layout_rooms, kennysheep_mini_moat
D:9:      layout_loops_cross
D:10:     layout_gridville, erik_lair_island, hangedman_stone_soup
Temple:   regret_index_temple_chain_breaker
Lair:1:   layout_hall_layers, portal_ice_cave_entry_imps, minivault_23,
          st_stairs_10, grunt_megastairs_1
Lair:2:   layout_layer_cave, uniq_harold
Lair:3:   layout_chaotic_city, minmay_swamp_entry_worms,
          minmay_snake_entry_spellcaster, gammafunk_ghost_ooze
Lair:4:   dragon1_lemuel, layout_cave_pods
Lair:5:   layout_loops_ring, ebering_ghost_funeral_grove, grunt_megastairs_4,
          lemuel_fruit_tree
Lair:6:   gammafunk_lair_ancient_temple, layout_gridlike,
          nicolae_slime_entry_slimehenge
Swamp:1:  layout_basic_swamp, nicolae_swamp_rocky_clearing, swamp_pool4,
          nicolae_swamp_godswood, uniq_louise
Swamp:2:  layout_basic_swamp, serial_swamp_ruin, evilmike_swamp_ruin_rubble_2,
          evilmike_swamp_ruin_house_2, evilmike_swamp_ruin_house_1, swamp_pool3,
          uniq_donald

Skill      XL: |  1  2  3  4  5  6  7  8  9 10 11 12 13 |
---------------+----------------------------------------+-----
Fighting       | 3 4 5 6 7 8 9 |  9.8
Axes           | 3 4 5 6 8 9 11 12 13 15 | 15.2
Armour         | 4 5 6 7 8 9 10 11 | 11.5
Shields        | 4 5 6 7 8 9 10 11 | 11.6
Invocations    | 2 4 6 8 9 11 12 | 12.3

Action                   |  1- 3 |  4- 6 |  7- 9 | 10-12 | 13-15 || total
-------------------------+-------+-------+-------+-------+-------++-------
Melee: War axe           |    71 |   117 |   532 |   920 |    44 ||  1684
       Broad axe         |       |       |       |       |   338 ||   338
       Kick              |       |       |       |       |   103 ||   103
Invok: Lesser Servant of |       |       |       |     5 |     4 ||     9
 Abil: Heal Wounds       |     1 |     5 |    10 |    32 |    27 ||    75
Evoke: Wand              |       |       |       |       |     3 ||     3
  Use: Scroll            |       |     6 |    12 |       |     9 ||    27
       Potion            |       |       |       |     3 |     3 ||     6
 Stab: Distracted        |       |       |       |       |     2 ||     2
  Eat: Chunk             |       |     3 |     6 |    16 |     9 ||    34
       Ration            |       |       |     1 |       |       ||     1
Armor: Scale mail        |    47 |    14 |       |       |       ||    61
       Chain mail        |       |    41 |   365 |   592 |   269 ||  1267
       Skin              |       |       |       |    13 |       ||    13
Dodge: Dodged            |    27 |    24 |   182 |   283 |   126 ||   642
Block: Kite shield       |    62 |    48 |   382 |   684 |   297 ||  1473

Table legend:
 A = Non-vault XP
 B = Vault XP
 C = Vault XP percentage of total XP
 D = Non-vault monster count
 E = Vault monster count
 F = Vault count percentage of total count
                 A         B        C        D         E       F
            +---------+---------+-------+---------+---------+-------
      Total |   45991 |   20352 |  30.7 |     329 |     121 |  26.9
            +---------+---------+-------+---------+---------+-------
        D:1 |      13 |       3 |  18.8 |       7 |       2 |  22.2
        D:2 |     102 |       0 |   0.0 |       9 |       0 |   0.0
        D:3 |      13 |       0 |   0.0 |       5 |       0 |   0.0
        D:4 |     387 |       0 |   0.0 |       9 |       0 |   0.0
        D:5 |     274 |       0 |   0.0 |      17 |       0 |   0.0
        D:6 |     776 |       0 |   0.0 |      22 |       0 |   0.0
        D:7 |    1314 |       0 |   0.0 |      36 |       0 |   0.0
        D:8 |    1469 |     718 |  32.8 |      19 |      14 |  42.4
        D:9 |    1948 |       0 |   0.0 |      34 |       0 |   0.0
       D:10 |    1895 |    1440 |  43.2 |      29 |      12 |  29.3
     Lair:1 |    4112 |     235 |   5.4 |      20 |      13 |  39.4
     Lair:2 |    4203 |     987 |  19.0 |      21 |       1 |   4.5
     Lair:3 |    3441 |    1010 |  22.7 |      16 |       3 |  15.8
     Lair:4 |    5675 |       0 |   0.0 |      16 |       0 |   0.0
     Lair:5 |    5339 |     879 |  14.1 |      20 |       2 |   9.1
     Lair:6 |    9587 |   10110 |  51.3 |      33 |      31 |  48.4
    Swamp:1 |    4519 |    1418 |  23.9 |      15 |       1 |   6.2
    Swamp:2 |     924 |       0 |   0.0 |       1 |       0 |   0.0
    Ossuary |       0 |     245 | 100.0 |       0 |      27 | 100.0
      IceCv |       0 |    3307 | 100.0 |       0 |      15 | 100.0
            +---------+---------+-------+---------+---------+-------
